 Dungeon Crawl Stone Soup version 0.31-a0-879-g1609e0ac53 (webtiles) character file.

Game seed: 4725269617002043639

550 Warped the Ducker (level 7, -2/50 HPs)
             Began as a Demonspawn Gladiator on Oct 15, 2023.
             Slain by a kobold
             ... wielding a +0 spear
              (4 damage)
             ... on level 4 of the Dungeon.
             The game lasted 00:06:10 (3306 turns).

Warped the Ducker (Demonspawn Gladiator)            Turns: 3306, Time: 00:06:10

Health: -2/50      AC:  8    Str: 23    XL:     7   Next: 7%
Magic:  7/7        EV:  6    Int:  9    God:
Gold:   154        SH:  0    Dex: 17    Spells: 6/6 levels left

rFire   + . .        a - +0 war axe (venom)
rCold   + . .        (no shield)
rNeg    + . .        j - +0 chain mail
rPois   +            (helmet restricted)
rElec   +            (no cloak)
rCorr   +            (no gloves)
SInv    .            (no boots)
Will    +....        k - amulet of reflection Stlth
                     r - +6 ring of strength
HPRegen 0.28/turn    o - ring of Teryt {rElec rN+ Will+ Dex+3}
MPRegen 0.10/turn

%: reflection
@: brilliant, lethally poisoned (-2 -> -10), resistant, held, studying Dodging
A: antennae 1, hooves 1, powered by death 2, demonic magic 1
a: no special abilities


You were on level 4 of the Dungeon.
You visited 1 branch of the dungeon, and saw 4 of its levels.
You also visited: Sewer.

You collected 154 gold pieces.

Inventory:

Hand Weapons
 a - a +0 war axe of venom (weapon)
 b - a +1 dagger of venom
 g - a +0 short sword of electrocution
Missiles
 d - 3 throwing nets (quivered)
 e - a javelin
 l - 5 poisoned darts
 n - 3 boomerangs
Armour
 c - a +0 helmet
 j - a +0 chain mail (worn)
 p - a +0 buckler
Jewellery
 k - an amulet of reflection (around neck)
 o - the ring of Teryt (right hand) {rElec rN+ Will+ Dex+3}
   (You acquired it on level 3 of the Dungeon)

   [ring of positive energy]

   Dex+3:     It affects your dexterity (+3).
   rElec:     It insulates you from electricity.
   rN+:       It protects you from negative energy.
   Will+:     It increases your willpower.
 r - a +6 ring of strength (left hand)
 v - a ring of magical power
 C - a ring of magical power
Talismans
 h - a granite talisman
Scrolls
 q - a scroll of vulnerability {unknown}
 w - 2 scrolls of fog {unknown}
 x - a scroll of butterflies {unknown}
 D - 2 scrolls of immolation
Potions
 i - a potion of invisibility
 m - a potion of heal wounds {unknown}
 s - a potion of enlightenment
 z - a potion of magic {unknown}
 A - a potion of haste {unknown}
 B - 2 potions of brilliance


   Skills:
 - Level 2.0 Fighting
 + Level 5.3 Axes
 - Level 1.7 Throwing
 + Level 6.3 Dodging
 + Level 2.7 Shields


You had 6 spell levels left.
You didn't know any spells.
Your spell library contained the following spells:

 Spells                   Type           Power      Damage    Failure   Level
 Volatile Blastmotes      Fire/Tloc      0%         2d10      100%        3
 Fulminant Prism          Conj/Hex       0%         3d5       100%        4
 Iskenderun's Mystic Bla  Conj/Tloc      0%         2d3       100%        4


Dungeon Overview and Level Annotations

Branches:
Dungeon (4/15)              Sewer (visited)
 Temple: D:4-7

Altars:
Gozag
Okawaru

Shops:
D:4 *

Annotations:
D:1 1 transporter
D:3 3 runed translucent doors, Kurtz's ghost, weakling NaDe


Innate Abilities, Weirdness & Mutations

You have a pair of small antennae on your head.
You have large cloven feet.
You regenerate health from kills.
Spells you cast may paralyse adjacent enemies.


Message History

Found a stone staircase leading down.
The gnoll hits you with a +0 spear. The gnoll barely misses you.
You barely miss the gnoll. Your kick misses the gnoll.
You closely miss the gnoll. The gnoll barely misses you.
You hit the gnoll.
The gnoll is heavily wounded.
You hit the gnoll.
The gnoll is poisoned.
The gnoll sergeant hits you from afar with a +0 trident of venom.
You are poisoned.
The gnoll hits you but does no damage. The gnoll barely misses you.
The gnoll hits you but does no damage. The gnoll hits you with a +0 whip.
The gnoll sergeant hits you from afar with a +0 trident of venom.
You are more poisoned.
The gnoll hits you with a +0 spear.
Unknown command.
You feel very sick. The gnoll attacks as it pursues you!
You block the gnoll's attack.
The gnoll hits you but does no damage. x2
You feel very sick.
The gnoll throws a throwing net.
The throwing net hits you.
You become entangled in the net!
You see here a throwing net.
You struggle against the net.
You feel very sick.
The gnoll hits you from afar with a +0 spear.
* * * LOW HITPOINT WARNING * * *
It was a potion of brilliance.
You feel clever all of a sudden.
* * * LOW HITPOINT WARNING * * *
You feel very sick. The gnoll barely misses you.
The gnoll hits you from afar with a +0 spear.
* * * LOW HITPOINT WARNING * * *
Unknown command.
It was a potion of resistance.
You feel protected.
* * * LOW HITPOINT WARNING * * *
You feel sick.
The kobold hits you from afar with a +0 spear.
You die...

***** *************** *,,,*
*,,,,,,,,,,,,,* #### *,_,*
*,,,,,,******,* ...# *,,,*
*,,,,,,* *,* ...# #+++# *,,,,,,*
*,* ...#######...### *,,,,,,* *,*
.......#.'.P.'.## *,,,,,,* *,*
.......#.'.P.'..###.#***** *,*
.......'.'.P.'.g@...# *,*
.......###...#.g######*********,*
.......# #'''#gK{......,,,,,,,*,*
###....# #...#.g.######,,,,,,,,,*
###### #._.#...#*****,*,,,,,,,*
#...#...#*,,,,,*,***,*,*
*#####...#*,,,,,*,,,*,*<,
*,,,,....#*,,,,,***,*,*,,
###******,,,,.)..#*,,,,,*,,,*,,,,


You could see 4 gnolls and a kobold.

Vanquished Creatures
  2 bullfrogs (Sewer)
  A scorpion (D:4)
  2 hounds (D:4)
  An orc priest (D:3)
  An orc wizard (D:4)
  10 adders
  4 river rats (Sewer)
  A worm (D:2)
  4 dart slugs
  10 orcs
  5 endoplasms
  3 giant cockroaches
  9 goblins
  8 hobgoblins
  A quokka (D:2)
  10 ball pythons
  4 bats (D:1)
  7 frilled lizards
  8 kobolds
  19 rats
110 creatures vanquished.

Notes
Turn   | Place    | Note
-------+----------+-------------------------------------------
     0 | D:1      | Warped the Demonspawn Gladiator began the quest for the
                  | Orb.
     0 | D:1      | Reached XP level 1. HP: 16/16 MP: 1/1
    74 | D:1      | Gained mutation: You regenerate a little health from kills.
                  | [demonic ancestry]
    74 | D:1      | Reached XP level 2. HP: 22/22 MP: 2/2
   246 | D:1      | Identified a scroll of acquirement
   246 | D:1      | Acquired a manual of Dodging
   406 | D:1      | Found a faded altar of an unknown god.
   419 | D:1      | Reached skill level 3 in Dodging
   627 | D:2      | Discovered your monstrous ancestry.
   627 | D:2      | Gained mutation: You have a pair of small antennae on your
                  | head. [demonic ancestry]
   627 | D:2      | Reached XP level 3. HP: 22/27 MP: 3/3
   957 | D:2      | Reached XP level 4. HP: 28/33 MP: 4/4
  1185 | D:2      | Reached skill level 4 in Dodging
  1944 | D:3      | Acquired the ring of Teryt {rElec rN+ Will+ Dex+3}
  2056 | D:3      | Gained mutation: You have large cloven feet. [demonic
                  | ancestry]
  2056 | D:3      | Reached XP level 5. HP: 16/38 MP: 5/5
  2332 | D:3      | Found a runed translucent gate.
  2333 | D:3      | Found a runed translucent gate.
  2333 | D:3      | Identified the +2 mace of the Freezing God {drain, rC+}
  2333 | D:3      | Identified the +3 leather armour "Hobeg" {Drain MP+9 Str+3
                  | Int+3}
  2334 | D:3      | Found a runed translucent gate.
  2343 | D:3      | Noticed Kurtz's ghost (weakling NaDe)
  2570 | D:4      | Reached skill level 5 in Dodging
  2570 | D:4      | Reached skill level 1 in Shields
  2570 | D:4      | Found Tudis's General Store.
  2595 | D:4      | Gained mutation: You regenerate health from kills. [demonic
                  | ancestry]
  2595 | D:4      | Reached XP level 6. HP: 41/44 MP: 6/6
  2601 | D:4      | Found a glowing drain.
  2619 | Sewer    | Entered a sewer
  2686 | Sewer    | Reached skill level 5 in Axes
  2853 | Sewer    | Reached skill level 6 in Dodging
  2858 | Sewer    | Gained mutation: Spells you cast may paralyse adjacent
                  | enemies. [demonic ancestry]
  2858 | Sewer    | Reached XP level 7. HP: 32/50 MP: 7/7
  3223 | D:4      | Found an opulent altar of Gozag.
  3293 | D:4      | Found an iron altar of Okawaru.
  3306 | D:4      | HP: 2/50 [poisoned by a gnoll sergeant]
  3306 | D:4      | Slain by a kobold

Illustrated notes

Levels and vault maps discovered:
D:1:      spicycebolla_arrival_risky_transporter, layout_rooms,
          ebering_ecumenical_altar_petrified, dreamdust_princess_bridge
D:2:      layout_basic, basic_altar
D:3:      layout_basic, biasface_ghost_orc_armoury, kennysheep_flooded_box,
          amcnicky_mini_corridor_feature, st_stairs_4
D:4:      layout_basic, mainiacjoe_overflow_big_doors, grunt_gozag_statues,
          serial_shops, nicolae_diamond_shop, cheibrodos_sewer_entry_drain,
          uniq_grinder

Skill      XL: |  1  2  3  4  5  6 |
---------------+-------------------+-----
Axes           | 3 4 5 |  5.3
Dodging        | 3 4 5 6 |  6.3
Shields        | 1 2 |  2.7
Fighting       | |  2.0
Throwing       | |  1.7

Action                     |  1- 3 |  4- 6 |  7- 9 || total
---------------------------+-------+-------+-------++-------
  Melee: War axe           |    24 |   157 |    11 ||   192
         Short sword       |    84 |       |       ||    84
         Punch             |     1 |     1 |       ||     2
         Kick              |       |    26 |     3 ||    29
         Dagger            |       |    15 |       ||    15
  Throw: Throwing net      |       |     3 |       ||     3
    Use: Scroll            |     1 |     4 |     7 ||    12
         Potion            |       |     1 |     2 ||     3
   Stab: Held in net/web   |       |     1 |       ||     1
 Armour: Leather armour    |    60 |       |       ||    60
         Chain mail        |       |   154 |    16 ||   170
  Dodge: Dodged            |    73 |   102 |     5 ||   180
  Block: Other             |       |    32 |     1 ||    33

Table legend: (Time is in decaauts)
 A = Elapsed time spent in this place.
 B = Non-inter-level travel time spent in this place.
 C = Inter-level travel time spent in this place.
 D = Time resting spent in this place.
 E = Time spent auto-exploring this place.
 F = Levels seen in this place.
 G = Mean time per level.
                   A        B        C        D        E       F      G
               +--------+--------+--------+--------+--------+-----+--------+
         Total |   3436 |   3287 |    149 |    128 |   2289 |   5 |  687.2 |
       Dungeon |   2912 |   2763 |    149 |    128 |   2021 |   4 |  728.0 |
         Sewer |    523 |    523 |      0 |      0 |    268 |   1 |  523.0 |
               +--------+--------+--------+--------+--------+-----+--------+

Top non-repeatable levels by time:
     D:3: 997 daAuts
     D:2: 929 daAuts
     D:1: 611 daAuts
   Sewer: 523 daAuts
     D:4: 374 daAuts
